[Event "*** Titled Tuesday Blitz"]
[Site "Chess.com"]
[Date "2021.02.02"]
[Round "4"]
[White "Bodnar_Mykola"]
[Black "FMalexhdez"]
[Result "1-0"]
[WhiteElo "2539"]
[BlackElo "2206"]
[TimeControl "180+1"]
[EndTime "10:37:03 PST"]
[Termination "Bodnar_Mykola won by resignation"]

1. e4 c5 2. Nf3 d6 3. d4 cxd4 4.
Nxd4 Nf6 5. f3 e5 6. Bb5+ Bd7 7. Bxd7+ Qxd7 8. Nf5 h5 9. Bg5 Nc6 10. Bxf6 gxf6 11. Nc3 Bh6 12. Nd5 O-O-O 13. Qd3 Kb8 14. O-O Qe6 15. Kh1 Rhg8 16. Nxh6 1-0

[Event "*** Titled Tuesday Blitz"]
[Site "Chess.com"]
[Date "2021.02.02"]
[Round "4"]
[White "Zarikovs1999"]
[Black "muchojogo"]
[Result "0-1"]
[WhiteElo "2293"]
[BlackElo "2466"]
[TimeControl "180+1"]
[EndTime "10:37:11 PST"]
[Termination "muchojogo won by resignation"]

1. Nf3 Nf6 2. c4 g6 3. Nc3 Bg7 4. g3 O-O 5. Bg2 d6 6. O-O c5 7.
d4 Nc6 8. a3 cxd4 9. Nxd4 Nxd4 10. Qxd4 a6 11. b4 Nd7 12. Qh4 Bxc3 13. Bg5 Bxa1 14. Bxe7 Bf6 15. Bxd8 Bxh4 16. Bxh4 Ne5 17. Be7 Re8 18. Bxd6 Nxc4 19. Bc7 Be6 20. Rc1 Rac8 0-1

[Event "*** Titled Tuesday Blitz"]
[Site "Chess.com"]
[Date "2021.02.02"]
[Round "4"]
[White "imdvb6307"]
[Black "barbara25"]
[Result "1-0"]
[WhiteElo "2377"]
[BlackElo "2247"]
[TimeControl "180+1"]
[EndTime "10:37:18 PST"]
[Termination "imdvb6307 won by resignation"]

1. c4 Nf6 2. Nc3 e6 3. e4 d5 4. e5 Ne4 5. Nf3 Nc6 6. Qc2 Nxc3 7. dxc3 d4 8. Bg5 Be7 9. Bxe7 Qxe7 10. cxd4 O-O 11.
Bd3 h6 12. Qc3 Rd8 13. Rd1 b6 14. O-O Bb7 15. Bb1 g6 16. Qe3 Kg7 17. Be4 Rd7 18. Qc3 Rad8 19. d5 exd5 20. cxd5 Na5 21. e6+ 1-0

[Event "*** Titled Tuesday Blitz"]
[Site "Chess.com"]
[Date "2021.02.02"]
[Round "4"]
[White "MoreChessJulia"]
[Black "Misticpikachu"]
[Result "0-1"]
[WhiteElo "2154"]
[BlackElo "2401"]
[TimeControl "180+1"]
[EndTime "10:37:23 PST"]
[Termination "Misticpikachu won by checkmate"]

1. d4 e6 2. e4 d5 3. e5 c5 4. c3 Nc6 5. Nf3 Nge7 6. a3 Nf5 7. b4 cxd4 8. cxd4 Qb6 9. Be3 Bd7 10.
Nc3 Rc8 11. Na4 Qd8 12. g4 Nh4 13. Nc5 Bxc5 14. dxc5 Nxf3+ 15. Qxf3 Nxe5 16. Qg3 Qf6 17. Be2 Nd3+ 18. Kd2 Qb2+ 19. Kxd3 Bb5# 0-1

[Event "*** Titled Tuesday Blitz"]
[Site "Chess.com"]
[Date "2021.02.02"]
[Round "4"]
[White "kuban1991"]
[Black "jefferyx"]
[Result "1-0"]
[WhiteElo "2833"]
[BlackElo "2961"]
[TimeControl "180+1"]
[EndTime "10:37:27 PST"]
[Termination "kuban1991 won by resignation"]

1. Nf3 c5 2. g3 Nc6 3. Bg2 g6 4.
O-O Bg7 5. c4 d6 6. Nc3 e6 7. e3 Nge7 8. d4 O-O 9. b3 cxd4 10.
Nxd4 Nxd4 11. exd4 Nf5 12. Be3 Rb8 13. Qd3 a6 14. a4 Qb6 15. Ne2 Nxe3 16. fxe3 Bd7 17.
a5 Qb4 18. Qc3 Qxc3 19. Nxc3 b5 20. axb6 Bb5 21. cxb5 1-0

[Event "*** Titled Tuesday Blitz"]
[Site "Chess.com"]
[Date "2021.02.02"]
[Round "4"]
[White "rasmussvane"]
[Black "SirStrateg"]
[Result "1-0"]
[WhiteElo "2870"]
[BlackElo "2653"]
[TimeControl "180+1"]
[EndTime "10:37:33 PST"]
[Termination "rasmussvane won by resignation"]

1. Nf3 d6 2. d4 Bg4 3. e4 Nf6 4. h3 Bh5 5. Nc3 c6 6. Qe2 e6 7. g4 Bg6 8. h4 h5 9. g5 Nfd7 10. d5 e5 11. Bh3 Be7 12. Be3 Na6 13. dxc6 Ndc5 14. cxb7 Rb8 15. b4 Nxe4 16. Qxa6 Nxc3 17. Qc6+ Kf8 18. Qxc3 Be4 19. Ke2 Bxb7 20. Rhd1 Ba6+ 21. Ke1 Bb7 22. Nxe5 1-0

[Event "*** Titled Tuesday Blitz"]
[Site "Chess.com"]
[Date "2021.02.02"]
[Round "4"]
[White "Vusatiuk_Vladimir"]
[Black "OlifantCZ"]
[Result "1-0"]
[WhiteElo "2401"]
[BlackElo "2155"]
[TimeControl "180+1"]
[EndTime "10:37:33 PST"]
[Termination "Vusatiuk_Vladimir won by resignation"]

1. d4 Nf6 2. c3 g6 3. g3 Bg7 4. Bg2 c5 5. Nf3 O-O 6. O-O d6 7. Nbd2 Nc6 8. e4 cxd4 9. cxd4 Bg4 10. d5 Ne5 11. h3 Bxf3 12. Nxf3 Nxf3+ 13. Qxf3 Nd7 14. Rb1 Ne5 15. Qb3 Qb6 16. Qxb6 axb6 17. a3 Nd3 18. Rd1 Nxc1 19. Rdxc1 Bxb2 20. Rxb2 1-0

[Event "*** Titled Tuesday Blitz"]
[Site "Chess.com"]
[Date "2021.02.02"]
[Round "4"]
[White "Sanan_Sjugirov"]
[Black "Aradej"]
[Result "1-0"]
[WhiteElo "2895"]
[BlackElo "2540"]
[TimeControl "180+1"]
[EndTime "10:37:41 PST"]
[Termination "Sanan_Sjugirov won by resignation"]

1. d4 Nf6 2. c4 e6 3. Nf3 Bb4+ 4.
Nbd2 O-O 5. e3 Re8 6. Be2 b6 7. O-O Bb7 8. b3 Bf8 9. Bb2 d6 10. Qc2 Nbd7 11. e4 c5 12. e5 dxe5 13. dxe5 Ng4 14.
Rad1 Qc7 15. Ng5 f5 16. Bxg4 h6 17. Nxe6 Rxe6 18. Bxf5 Re7 19. f4 g5 20. Ne4 Bg7 21.
Nf6+ 1-0

[Event "*** Titled Tuesday Blitz"]
[Site "Chess.com"]
[Date "2021.02.02"]
[Round "4"]
[White "xberli"]
[Black "MarcoRiehle"]
[Result "0-1"]
[WhiteElo "2496"]
[BlackElo "2695"]
[TimeControl "180+1"]
[EndTime "10:37:54 PST"]
[Termination "MarcoRiehle won by resignation"]

1. c4 c5 2. Nc3 Nf6 3. g3 d5 4. cxd5 Nxd5 5. Bg2 Nc7 6. Nf3 Nc6 7. O-O e5 8. d3 Be7 9. a3 O-O 10. b4 cxb4 11. axb4 Bxb4 12. Bb2 Be6 13. Qd2 Nd5 14. Rfc1 f6 15. Qd1 Nxc3 16. Bxc3 Bxc3 17. Rxc3 Qd7 18. Qb1 Rfc8 19. Rca3 Rab8 20. Nd2 a6 21. Qb6 Nd4 22.
Rb1 Nxe2+ 23. Kf1 Nc3 24. Rc1 Qxd3+ 25. Kg1 Ne2+ 0-1

[Event "*** Titled Tuesday Blitz"]
[Site "Chess.com"]
[Date "2021.02.02"]
[Round "4"]
[White "WonderChampion"]
[Black "novocane"]
[Result "1-0"]
[WhiteElo "2074"]
[BlackElo "2261"]
[TimeControl "180+1"]
[EndTime "10:37:58 PST"]
[Termination "WonderChampion won by checkmate"]

1. d4 Nf6 2. Bg5 e6 3. e4 h6 4. Bxf6 Qxf6 5. c3 d6 6. Nd2 a6 7. Bd3 Nd7 8. Ngf3 g5 9. Qe2 g4 10. e5 gxf3 11. Nxf3 dxe5 12. dxe5 Qe7 13. Be4 Bg7 14. Bd3 Qc5 15. Qe4 Nxe5 16. O-O-O Nxd3+ 17. Qxd3 Qc6 18. Qd8# 1-0

[Event "*** Titled Tuesday Blitz"]
[Site "Chess.com"]
[Date "2021.02.02"]
[Round "4"]
[White "Firegrizzly"]
[Black "fmshawnrl123"]
[Result "0-1"]
[WhiteElo "2590"]
[BlackElo "2768"]
[TimeControl "180+1"]
[EndTime "10:37:59 PST"]
[Termination "fmshawnrl123 won by resignation"]

1. e4 c6 2. d4 d5 3. exd5 cxd5 4. Bd3 Nc6 5. c3 Nf6 6. h3 g6 7. Nf3 Bg7 8. O-O O-O 9. Re1 Bf5 10. Bxf5 gxf5 11.
Bf4 e6 12. Ne5 Nxe5 13. Bxe5 Ne4 14. Bxg7 Kxg7 15. Nd2 Qf6 16. Nf1 Kh8 17. f3 Nd6 18.
Qd2 f4 19. Nh2 h5 20. Re5 Qh6 21. Qf2 Rg8 22. b3 Nf5 23. c4 dxc4 24. bxc4 Qg7 25. Nf1 Rad8 26. Rd1 Qxe5 27. dxe5 Rxd1 28. Kh2 Ng3 0-1

[Event "*** Titled Tuesday Blitz"]
[Site "Chess.com"]
[Date "2021.02.02"]
[Round "4"]
[White "mr65"]
[Black "GumisGLHF"]
[Result "0-1"]
[WhiteElo "2137"]
[BlackElo "2347"]
[TimeControl "180+1"]
[EndTime "10:38:02 PST"]
[Termination "GumisGLHF won by resignation"]

1. e4 g6 2. Nc3 Bg7 3. d3 c5 4. Be3 d6 5. Qd2 Nc6 6. h4 h5 7. f3 e5 8. Nd5 Be6 9. Nh3 f6 10. Nf2 Nge7 11. Nxe7 Qxe7 12. g4 hxg4 13. fxg4 O-O-O 14. O-O-O d5 15. exd5 Bxd5 16. Ne4 Bxe4 0-1

[Event "*** Titled Tuesday Blitz"]
[Site "Chess.com"]
[Date "2021.02.02"]
[Round "4"]
[White "Caracternin123"]
[Black "motivated_bishop"]
[Result "0-1"]
[WhiteElo "2654"]
[BlackElo "2396"]
[TimeControl "180+1"]
[EndTime "10:38:11 PST"]
[Termination "motivated_bishop won by resignation"]

1. d4 Nf6 2. Nf3 g6 3. Bg5 Bg7 4. Nbd2 O-O 5. e4 c5 6. dxc5 Qa5 7. e5 Ng4 8. Bxe7 Re8 9. Bd6 Nxe5 10. Nxe5 Bxe5 11. Bxe5 Rxe5+ 12. Be2 Qxc5 13. O-O d5 14. Nf3 Re8 15. Re1 Nc6 16. c3 Bf5 17. Qb3 Re7 18. Bb5 Rae8 19. Rxe7 Rxe7 20. Bxc6 bxc6 21. Nd4 Bd3 22.
Qb8+ Kg7 23. Qc8 Qb6 24. Qxc6 Qxb2 25. Rd1 Qd2 0-1

[Event "*** Titled Tuesday Blitz"]
[Site "Chess.com"]
[Date "2021.02.02"]
[Round "4"]
[White "LisikValera"]
[Black "Spalir"]
[Result "0-1"]
[WhiteElo "2470"]
[BlackElo "2629"]
[TimeControl "180+1"]
[EndTime "10:38:12 PST"]
[Termination "Spalir won by resignation"]

1. d4 Nf6 2. c4 g6 3. Nc3 d5 4.
Nf3 Bg7 5. cxd5 Nxd5 6. e4 Nxc3 7. bxc3 c5 8. h3 O-O 9. Be2 Nc6 10. Be3 cxd4 11.
cxd4 Qa5+ 12. Bd2 Qa3 13. d5 Ne5 14. Nxe5 Bxe5 15. O-O Bxa1 16. Qxa1 f6 17. Rb1 Qc5 18. Bb4 Qc2 19. Bf3 Rf7 20. e5 fxe5 21. d6 exd6 22. Bd5 Qxf2+ 23. Kh1 Bf5 24. Bxd6 Bxb1 25. Qxb1 Rd8 26.
Qxb7 Rxd6 27. Bxf7+ Qxf7 28. Qb8+ Qf8 0-1

[Event "*** Titled Tuesday Blitz"]
[Site "Chess.com"]
[Date "2021.02.02"]
[Round "4"]
[White "Firstov"]
[Black "druskacik"]
[Result "1-0"]
[WhiteElo "2471"]
[BlackElo "2594"]
[TimeControl "180+1"]
[EndTime "10:38:28 PST"]
[Termination "Firstov won by resignation"]

1. b3 b6 2. Bb2 Bb7 3. e3 e6 4.
f4 f5 5. Nf3 Nf6 6. g3 g6 7.
Bg2 Bg7 8. O-O O-O 9. Qe2 Qe7 10. d3 d6 11. Nbd2 Nbd7 12. e4 fxe4 13. dxe4 a5 14. e5 dxe5 15. Nxe5 Bxg2 16. Kxg2 a4 17. Ndf3 Nxe5 18.
Bxe5 Rfd8 19. Rfd1 Rxd1 20. Rxd1 axb3 21. axb3 Nd5 22. Bxg7 Kxg7 23. Rxd5 1-0

[Event "*** Titled Tuesday Blitz"]
[Site "Chess.com"]
[Date "2021.02.02"]
[Round "4"]
[White "Sofiia_Hryzlova"]
[Black "maximnovik"]
[Result "1-0"]
[WhiteElo "2258"]
[BlackElo "2553"]
[TimeControl "180+1"]
[EndTime "10:38:29 PST"]
[Termination "Sofiia_Hryzlova won by resignation"]

1. c4 Nf6 2. Nc3 d5 3. cxd5 Nxd5 4. g3 g6 5. Bg2 Nxc3 6. bxc3 Bg7 7. Nf3 c5 8. O-O Nc6 9. Rb1 O-O 10. Qa4 h6 11. Rd1 e5 12. Ba3 Qd6 13. d4 b6 14.
dxc5 Qc7 15. cxb6 1-0

[Event "*** Titled Tuesday Blitz"]
[Site "Chess.com"]
[Date "2021.02.02"]
[Round "4"]
[White "picturesquecheck"]
[Black "Pikachess999"]
[Result "1-0"]
[WhiteElo "2210"]
[BlackElo "2346"]
[TimeControl "180+1"]
[EndTime "10:38:36 PST"]
[Termination "picturesquecheck won by resignation"]

1. e4 e6 2. d4 d5 3. Nd2 f6 4.
Ngf3 dxe4 5. Nxe4 Nc6 6. Bb5 Bd7 7. O-O Nge7 8. Re1 a6 9. Bc4 b5 10. Bb3 Na5 11. Nc5 Nxb3 12. axb3 Kf7 13. Qe2 Nd5 14. Nxe6 Qe8 15. Nf4 Qxe2 16. Rxe2 Bc6 17. Nd3 Bd6 18. Bd2 Rhe8 19. Rae1 Rxe2 20. Rxe2 a5 21. c4 Nb4 22. Nxb4 Bxf3 23. gxf3 Bxb4 24. Bxb4 axb4 25.
cxb5 Ra1+ 26. Kg2 Rd1 27. Rc2 Rxd4 28. Rxc7+ Kg6 29. Rc4 1-0

[Event "*** Titled Tuesday Blitz"]
[Site "Chess.com"]
[Date "2021.02.02"]
[Round "4"]
[White "Nikolaj_6"]
[Black "MasterMK73"]
[Result "0-1"]
[WhiteElo "2592"]
[BlackElo "2224"]
[TimeControl "180+1"]
[EndTime "10:38:36 PST"]
[Termination "MasterMK73 won by resignation"]

1. e4 c5 2. Nf3 a6 3. c3 d6 4. d4 Qc7 5. Bd3 g6 6. O-O Bg7 7. h3 Nd7 8. a4 b6 9. Re1 e5 10. Na3 Ngf6 11. Nc4 O-O 12. dxe5 dxe5 13. Bc2 Bb7 14.
Qd6 Rac8 15. Bg5 h6 16. Bxf6 Bxf6 17. Rad1 Bc6 18. Rd2 b5 19. axb5 axb5 20. Qxc6 Qxc6 21. Rd6 Qc7 0-1

[Event "*** Titled Tuesday Blitz"]
[Site "Chess.com"]
[Date "2021.02.02"]
[Round "4"]
[White "MartinMatthiesen"]
[Black "sergeikim"]
[Result "0-1"]
[WhiteElo "2334"]
[BlackElo "2517"]
[TimeControl "180+1"]
[EndTime "10:38:40 PST"]
[Termination "sergeikim won by resignation"]

1. d4 Nf6 2. c4 g6 3. Nc3 Bg7 4. e4 d6 5. Nf3 O-O 6. Be2 e5 7. d5 Nh5 8. g3 a5 9. O-O Bh3 10.
Re1 h6 11. Be3 Na6 12. Nd2 Nf6 13. a3 Qd7 14. f3 Nh5 15. Bf2 f5 16. exf5 gxf5 17.
f4 Nf6 18. fxe5 dxe5 19. Nf3 Rae8 20. Kh1 Ng4 21. Bg1 f4 22. Ne4 Qf5 23. Bf1 Bxf1 0-1

[Event "*** Titled Tuesday Blitz"]
[Site "Chess.com"]
[Date "2021.02.02"]
[Round "4"]
[White "night_player"]
[Black "amatatanav"]
[Result "0-1"]
[WhiteElo "2251"]
[BlackElo "2443"]
[TimeControl "180+1"]
[EndTime "10:38:40 PST"]
[Termination "amatatanav won by resignation"]

1. e4 c5 2. c3 Nf6 3. e5 Nd5 4. Bc4 Nb6 5. Bb3 Nc6 6. Nf3 d6 7. exd6 Qxd6 8. O-O Be6 9. Re1 Bxb3 10. Qxb3 c4 11. Qc2 g6 12. b3 Bg7 13. Ba3 Qd3 14.
Qd1 Rd8 15. Re3 Qd5 16. Qe2 Rd7 17. Nd4 Bxd4 18. cxd4 Nxd4 19. Rxe7+ Kd8 20. Rxd7+ Qxd7 21. Qe4 Re8 22. Qh4+ Kc8 23. Nc3 Nc2 0-1

[Event "*** Titled Tuesday Blitz"]
[Site "Chess.com"]
[Date "2021.02.02"]
[Round "4"]
[White "eljanov"]
[Black "Snegokhod"]
[Result "1-0"]
[WhiteElo "2888"]
[BlackElo "2533"]
[TimeControl "180+1"]
[EndTime "10:38:42 PST"]
[Termination "eljanov won by resignation"]

1. e4 e5 2. Nf3 f6 3. d4 d5 4. Nc3 Bb4 5. exd5 e4 6. Qe2 f5 7. Qb5+ c6 8. Qxb4 exf3 9. gxf3 Nf6 10. Bg5 Kf7 11. O-O-O Na6 12. Bxa6 bxa6 13. dxc6 h6 14. Bxf6 Qxf6 15. d5 a5 16. Qxa5 Rf8 17. Rhe1 Kg8 18. d6 Be6 19. d7 Kh7 20. Kb1 Bxa2+ 21. Qxa2 Qxc6 22. Qd5 Qf6 23. Re6 Qf7 24. Rxh6+ Kxh6 25. Qxf7 Rxf7 26. d8=Q Rxd8 27. Rxd8 Kg5 28. Rd4 f4 29. Nd5 Kh4 30. Rxf4+ Rxf4 31. Nxf4 g5 32. c4 gxf4 33. c5 Kh3 34. c6 Kxh2 35. c7 Kg2 36. c8=Q Kxf3 37.
Qc5 1-0

[Event "*** Titled Tuesday Blitz"]
[Site "Chess.com"]
[Date "2021.02.02"]
[Round "4"]
[White "CoachHakia"]
[Black "MillyNeuf"]
[Result "1-0"]
[WhiteElo "2152"]
[BlackElo "2324"]
[TimeControl "180+1"]
[EndTime "10:38:48 PST"]
[Termination "CoachHakia won by resignation"]

1. d4 Nf6 2. Bg5 d5 3. Bxf6 exf6 4. g3 Be6 5. Bg2 c6 6. e3 Qb6 7. b3 Nd7 8. Ne2 g6 9. O-O Bg7 10. Nd2 O-O 11. c4 dxc4 12. bxc4 Rad8 13. Nf4 Nb8 14.
Rb1 Qa6 15. Nxe6 fxe6 16. Qb3 Rf7 17. Ne4 Re7 18. Nc5 Qa5 19. Nxb7 Qh5 20. Nxd8 1-0

[Event "*** Titled Tuesday Blitz"]
[Site "Chess.com"]
[Date "2021.02.02"]
[Round "4"]
[White "MilosJi"]
[Black "Alexsur1981"]
[Result "0-1"]
[WhiteElo "2648"]
[BlackElo "2846"]
[TimeControl "180+1"]
[EndTime "10:38:54 PST"]
[Termination "Alexsur1981 won by resignation"]

1. Nf3 Nf6 2. c4 g6 3. g3 Bg7 4.
Bg2 O-O 5. O-O c6 6. d4 d6 7. Nc3 Qb6 8. b3 e5 9. Bb2 e4 10. Ne1 d5 11. cxd5 cxd5 12. Nc2 Nc6 13. Rc1 h5 14.
Na4 Qd8 15. Ba3 Re8 16. Nb4 Nxb4 17. Bxb4 b6 18. Rc2 h4 19. Nc3 h3 20. Bh1 Ba6 21.
Qd2 Qd7 22. Rfc1 e3 23. fxe3 Bh6 24. Nd1 Ng4 25. Rc3 Qe6 26. Rc6 Qf5 27. R1c3 Rxe3 28. Rxe3 Bxe3+ 29. Qxe3 Nxe3 30. Nxe3 Qb1+ 0-1

[Event "*** Titled Tuesday Blitz"]
[Site "Chess.com"]
[Date "2021.02.02"]
[Round "4"]
[White "chessablanca"]
[Black "Flawless_Fighter"]
[Result "1-0"]
[WhiteElo "2509"]
[BlackElo "2674"]
[TimeControl "180+1"]
[EndTime "10:38:54 PST"]
[Termination "chessablanca won by resignation"]

1. Nf3 Nf6 2. g3 d5 3. Bg2 e6 4. O-O Be7 5. d4 O-O 6. c3 b6 7.
Nbd2 c5 8. Ne5 Bb7 9. Ndf3 Nc6 10. Nxc6 Bxc6 11. Ne5 Bb7 12. Bf4 Rc8 13. Rc1 h6 14. Qd2 Ne4 15. Bxe4 dxe4 16. Rfd1 cxd4 17.
Qxd4 Qxd4 18. Rxd4 g5 19. Rd7 gxf4 20. Rxe7 Bd5 21. gxf4 a5 22. Nd7 Rc7 23. Nf6+ Kg7 24. Nxd5 Rxe7 25. Nxe7 Rd8 26. Rc2 Rd6 27. Nc8 Rc6 28.
Na7 Rc5 29. a4 Kf6 30. Nb5 Rd5 31. Nd4 1-0

[Event "*** Titled Tuesday Blitz"]
[Site "Chess.com"]
[Date "2021.02.02"]
[Round "4"]
[White "DrCeltic"]
[Black "Mr_Sinigami"]
[Result "0-1"]
[WhiteElo "2479"]
[BlackElo "2645"]
[TimeControl "180+1"]
[EndTime "10:38:55 PST"]
[Termination "Mr_Sinigami won by resignation"]

1. e4 c5 2. Nf3 e6 3. c3 Nf6 4. e5 Nd5 5. d4 cxd4 6. cxd4 d6 7.
a3 Nc6 8. Bd3 Be7 9. O-O Bd7 10.
Qe2 Na5 11. Qd1 Rc8 12. Nbd2 Nf4 13. Be4 Bb5 14. Re1 d5 15. Bb1 Be2 16. Rxe2 Rxc1 0-1

[Event "*** Titled Tuesday Blitz"]
[Site "Chess.com"]
[Date "2021.02.02"]
[Round "4"]
[White "Sibelephant"]
[Black "Fandorine"]
[Result "1-0"]
[WhiteElo "3056"]
[BlackElo "2822"]
[TimeControl "180+1"]
[EndTime "10:38:56 PST"]
[Termination "Sibelephant won by resignation"]

1. e4 e5 2. Bc4 Nc6 3. d3 d6 4. f4 f5 5. Nf3 Nf6 6. O-O fxe4 7. dxe4 Bg4 8. h3 Bxf3 9. Qxf3 Qe7 10. Nc3 O-O-O 11. Nd5 Nxd5 12. exd5 Nd4 13. Qg4+ Kb8 14. c3 h5 15. Qg6 Rh6 16. Qe4 1-0

[Event "*** Titled Tuesday Blitz"]
[Site "Chess.com"]
[Date "2021.02.02"]
[Round "4"]
[White "niki_2003"]
[Black "Camels1981"]
[Result "0-1"]
[WhiteElo "2054"]
[BlackElo "2277"]
[TimeControl "180+1"]
[EndTime "10:39:04 PST"]
[Termination "Camels1981 won by checkmate"]

1. e4 c5 2. Nf3 d6 3. d4 cxd4 4.
Nxd4 Nf6 5. Nc3 a6 6. f3 e5 7. Nb3 Be6 8. Be3 b5 9. Be2 Nbd7 10. Qd2 Be7 11. O-O O-O 12. Kh1 Nb6 13. a3 Rc8 14. f4 Nc4 15. Bxc4 Bxc4 16. Rfd1 Ng4 17. h3 Nxe3 18. Qxe3 Qc7 19. Rac1 Rfe8 20. Nd5 Bxd5 21. Rxd5 exf4 22. Qxf4 Bf6 23. c3 Qc4 24. Nd4 Be5 25. Qf2 Qd3 26. Qf3 Qd2 27. Rc2 Qe1+ 28. Qf1 Qxf1# 0-1

[Event "*** Titled Tuesday Blitz"]
[Site "Chess.com"]
[Date "2021.02.02"]
[Round "4"]
[White "anon102030"]
[Black "tigra"]
[Result "1-0"]
[WhiteElo "2743"]
[BlackElo "2863"]
[TimeControl "180+1"]
[EndTime "10:39:10 PST"]
[Termination "anon102030 won by checkmate"]

1. e4 c5 2. Nc3 g6 3. g3 e5 4.
Bg2 Nc6 5. d3 d6 6. f4 h5 7. Nf3 h4 8. O-O hxg3 9. hxg3 Bg4 10.
fxe5 dxe5 11. Be3 Bh6 12. Qd2 Bxf3 13. Rxf3 Nd4 14. Rf2 Qa5 15. Raf1 Rh7 16. Bxh6 Nxh6 17. Qg5 Kf8 18. Qxg6 Rg7 19. Qxh6 Kg8 20. Nd5 Ne6 21.
Nf6+ Kf8 22. Nh5 Qc7 23. Nxg7 Nxg7 24. Qh8+ Ke7 25. Qxg7 c4 26. Rxf7+ Kd6 27. Rxc7 b6 28. Qe7# 1-0

[Event "*** Titled Tuesday Blitz"]
[Site "Chess.com"]
[Date "2021.02.02"]
[Round "4"]
[White "Nachsueb"]
[Black "Snowflake"]
[Result "0-1"]
[WhiteElo "2168"]
[BlackElo "2339"]
[TimeControl "180+1"]
[EndTime "10:39:11 PST"]
[Termination "Snowflake won by resignation"]

1. d4 Nf6 2. c4 e6 3. Nc3 d5 4.
Nf3 Be7 5. Bf4 O-O 6. e3 Nbd7 7.
c5 c6 8. Bd3 b6 9. b4 a5 10. a3 Ba6 11. Bxa6 Rxa6 12. O-O Qa8 13. b5 cxb5 14. Nxb5 Qc6 15. a4 bxc5 16. dxc5 Bxc5 17. Rc1 Ne4 18. Ne5 Nxe5 19. Bxe5 f6 20. Ba1 Qb7 21. Re1 Rc8 22. f3 Nd6 23. Nd4 Qd7 24. Qb3 Bxd4 25. Bxd4 Nc4 26. e4 Raa8 27. exd5 Qxd5 28. Bf2 Ne5 29.
Rcd1 Qxb3 0-1

[Event "*** Titled Tuesday Blitz"]
[Site "Chess.com"]
[Date "2021.02.02"]
[Round "4"]
[White "Fortitudine"]
[Black "MPGM"]
[Result "0-1"]
[WhiteElo "2352"]
[BlackElo "2586"]
[TimeControl "180+1"]
[EndTime "10:39:18 PST"]
[Termination "MPGM won by resignation"]

1. c4 e6 2. Nf3 d5 3. g3 Nf6 4.
Bg2 c5 5. cxd5 exd5 6. d4 Nc6 7.
O-O Be7 8. a3 cxd4 9. Nxd4 O-O 10.
Nxc6 bxc6 11. Nc3 Re8 12. Na4 Ba6 13. Be3 Bd6 14. Re1 Rxe3 15. fxe3 Ng4 16. Qd4 Qg5 17. e4 Bb5 18. Nc3 c5 0-1

[Event "*** Titled Tuesday Blitz"]
[Site "Chess.com"]
[Date "2021.02.02"]
[Round "4"]
[White "onetowin"]
[Black "Witik"]
[Result "0-1"]
[WhiteElo "2014"]
[BlackElo "2759"]
[TimeControl "180+1"]
[EndTime "10:39:18 PST"]
[Termination "Witik won by resignation"]

1. d4 d5 2. Nf3 e6 3. g3 Bd6 4.
Bg2 f5 5. O-O Nf6 6. c4 c6 7. b3 Qe7 8. Nbd2 Nbd7 9. Bb2 O-O 10.
Ne5 a5 11. Nd3 a4 12. c5 Bc7 13. bxa4 e5 14. e3 e4 15. Nf4 g5 16. Nh5 Nxh5 17.
Qxh5 f4 18. h4 f3 19. Bh3 Nf6 20. Qxg5+ Kh8 21. Bxc8 Raxc8 22. h5 Rg8 23. Qh4 Rg4 24. Qh3 Rcg8 25. Kh2 Nxh5 26. Qxh5 Rh4+ 0-1

[Event "*** Titled Tuesday Blitz"]
[Site "Chess.com"]
[Date "2021.02.02"]
[Round "4"]
[White "Darius321"]
[Black "HackingKid98"]
[Result "0-1"]
[WhiteElo "2279"]
[BlackElo "2453"]
[TimeControl "180+1"]
[EndTime "10:39:19 PST"]
[Termination "HackingKid98 won by resignation"]

1. e4 c6 2. d4 d5 3. exd5 cxd5 4.
c4 Nf6 5. Nc3 g6 6. cxd5 Bg7 7.
Bb5+ Nbd7 8. d6 O-O 9. dxe7 Qxe7+ 10. Nge2 Nb6 11. O-O Bg4 12. h3 Bf5 13. Re1 Rfd8 14.
Ng3 Be6 15. Be3 Nfd5 16. Qd2 Nxe3 17. fxe3 Qb4 18. Rac1 Rac8 19. Nge4 Qe7 20. Qf2 Bc4 21. Bxc4 Nxc4 22. b3 Nb6 23. Kh1 Re8 24. Rf1 f5 25.
Nc5 Qxe3 26. Nb5 Qxf2 27. Rxf2 Red8 28. Nxb7 Rxc1+ 29. Kh2 0-1

[Event "*** Titled Tuesday Blitz"]
[Site "Chess.com"]
[Date "2021.02.02"]
[Round "4"]
[White "HrvojeZagreb"]
[Black "Chess2Hawks"]
[Result "1-0"]
[WhiteElo "2223"]
[BlackElo "1806"]
[TimeControl "180+1"]
[EndTime "10:39:25 PST"]
[Termination "HrvojeZagreb won by resignation"]

1. d4 Nf6 2. Bf4 g6 3. Nc3 Bg7 4. e4 d6 5. Qd2 O-O 6. O-O-O Nh5 7. Bh6 c5 8. Bxg7 Kxg7 9. dxc5 Qa5 10. cxd6 exd6 11.
Qxd6 Nc6 12. Qd2 Rd8 13. Bd3 Be6 14. a3 Nb4 15. Nd5 Bxd5 16. Qxb4 Qxb4 17. axb4 Bc6 18. Ne2 Rac8 19. Kb1 Rd7 20. b5 1-0

[Event "*** Titled Tuesday Blitz"]
[Site "Chess.com"]
[Date "2021.02.02"]
[Round "4"]
[White "Godzillator"]
[Black "AungTZ"]
[Result "1-0"]
[WhiteElo "2315"]
[BlackElo "1999"]
[TimeControl "180+1"]
[EndTime "10:39:27 PST"]
[Termination "Godzillator won by resignation"]

1. d4 Nf6 2. c4 e6 3. Nc3 Bb4 4. Qc2 c5 5. dxc5 Na6 6. a3 Bxc3+ 7.
Qxc3 Nxc5 8. f3 a5 9. e4 a4 10. Be3 Nb3 11. Rd1 O-O 12. Bd3 d5 13. cxd5 exd5 14.
Bc2 Qe7 15. Bxb3 axb3 16. Bc5 Qe6 17. Bxf8 Kxf8 18. e5 Nd7 19. f4 b6 20. Nf3 Ba6 21. Qd4 Qg4 22. Kf2 Nc5 23. Qxd5 g6 24. Rhe1 Qxf4 25.
Qd6+ Kg8 26. Qxb6 Ne4+ 27. Kg1 Bc4 28. Rd4 1-0

[Event "*** Titled Tuesday Blitz"]
[Site "Chess.com"]
[Date "2021.02.02"]
[Round "4"]
[White "Artyom_ChessMate"]
[Black "tteshan"]
[Result "1-0"]
[WhiteElo "2552"]
[BlackElo "2343"]
[TimeControl "180+1"]
[EndTime "10:39:30 PST"]
[Termination "Artyom_ChessMate won by resignation"]

1. e4 d5 2. exd5 Qxd5 3. Nf3 c6 4. d4 Nf6 5. c4 Qa5+ 6. Nc3 Bg4 7. Be2 e6 8. O-O Bd6 9. h3 Bh5 10. Bd2 Qc7 11. d5 exd5 12. cxd5 Nxd5 13. Nxd5 cxd5 14.
Bc3 O-O 15. Qxd5 Bxf3 16. Bxf3 Nc6 17. Rad1 Rad8 18. Qg5 f6 19. Bd5+ Kh8 20. Qh5 Ne5 21. Be4 g6 22. Qh6 Qg7 23. Qxg7+ Kxg7 24. Bxb7 Nc4 25.
Bd5 Nb6 26. Bb3 Bc5 27. g4 h5 28.
g5 Nd7 29. Be6 Ne5 30. Kg2 Rd6 31. Rxd6 Bxd6 32. f4 Nc6 33. Bxf6+ Kh7 34. Rd1 1-0

[Event "*** Titled Tuesday Blitz"]
[Site "Chess.com"]
[Date "2021.02.02"]
[Round "4"]
[White "Gerryisplaying"]
[Black "woodhy"]
[Result "0-1"]
[WhiteElo "2308"]
[BlackElo "2478"]
[TimeControl "180+1"]
[EndTime "10:39:30 PST"]
[Termination "woodhy won by resignation"]

1. d4 Nf6 2. Bg5 c5 3. d5 d6 4. Nc3 g6 5. e4 Qa5 6. Qd2 Bg7 7. Nf3 a6 8. Be2 b5 9. Bxf6 Bxf6 10. O-O O-O 11.
a3 Nd7 12. Rfd1 Rb8 13. h3 b4 14. axb4 Qxb4 15. Bxa6 Qxb2 16. e5 Nxe5 17. Ne1 Bxa6 18.
Rxa6 Nc4 19. Qd3 Qxc3 0-1